Druj, lawful male human Samurai ---------# ------ |.......|# |....| # |....%..|# ------------- ----- |....| #----------- |........#####............| #@%%.| |.....########|.........-##########|.......|## |...........| ###|hGk| |....| #-.........| ---------#####|...........| # |.Gk| |....| ###|.........|#################### # |...........| ### |.Go| -+--.- # |.........| # ##.....%......| # |.G.| # # ### |..........### # |............### |...| #### # |.........|# # # ------------- ----- ### # -------.---# ### # ## # ###################` ### # #### # # ### -.-|---.- # # # ### # |.......| --|------# # ###|...<...| |........#### #-.......| |.......| # |.......| |...>...+## |.......| --------- -------|- # Druj the Ronin Experience level: 3 Strength: 14 Dexterity: 18 Constitution: 18 Intelligence: 9 Wisdom: 8 Charisma: 8 Health: 0(27) Energy: 4(4) Def: 6 Gold: 666 Moves: 2067 Dungeon seed: -RPuz1L1RCWWN_FI Game ID: Druj_1525121435 Your Inventory: Coins $ - 666 gold pieces Weapons a - an uncursed +1 katana (weapon in hand) b - an uncursed +0 wakizashi c - a blessed +0 yumi d - 31 uncursed +0 ya (in quiver) r - an uncursed +1 battle-axe Armor n - an uncursed +0 bronze plate mail (being worn) Comestibles h - an uncursed tin of female jackal meat Scrolls i - an uncursed scroll of identify s - an uncursed scroll of amnesia Potions g - an uncursed potion of confusion k - a blessed potion of gain ability Tools f - an uncursed oil lamp (0:1357) p - an uncursed leash Gems e - an uncursed worthless piece of yellow glass q - an uncursed jet stone Spells and supernatural/magical abilities: Name Level Category Cost Memory W - pray for help -- divine ? -- Your skills at the end: Fighting Skills martial arts [Basic] wands [Basic] Weapon Skills short sword [Basic] long sword [Basic] bow [Basic] Spellcasting Skills Final Attributes: You were piously aligned. You were fast. You were lucky. Amaterasu Omikami was noncommittal.. You are dead. Vanquished creatures: a gnome lord a giant bat a gas spore a large kobold a hobgoblin a yellow mold a gecko 7 jackals a sewer rat a grid bug 4 lichens 3 newts 23 creatures vanquished. Voluntary challenges: You were an atheist. You used a wielded weapon 32 times, starting on turn 44. You read items or engraved 2 times, starting on turn 1724. You never genocided any monsters. You never polymorphed an object. You never changed form. You used no wishes. You never split a pudding. You never wrote Elbereth's name. You never violated your personal moral code. Dungeon overview: The Dungeons of Doom: levels 1 to 5 Level 1 a fountain a long staircase Level 2 a general store a long staircase Level 3 a fountain Level 4 a fountain Level 5 <- You were here a throne History has recorded: On T:1 you entered the Dungeons of Doom to retrieve the Amulet of Yendor! On T:386 you reached level 2 of The Dungeons of Doom. On T:623 you reached level 3 of The Dungeons of Doom. On T:657 you advanced to experience level 2. On T:1158 you reached level 4 of The Dungeons of Doom. On T:1540 you advanced to experience level 3. On T:1663 you reached level 5 of The Dungeons of Doom. Score breakdown: Gold: 666 ( 9606 points) Experience: 3 levels ( 7878 points) Exploration: 5 levels ( 10.87%) ( 8944 points) Discoveries: 2 items ( 0.80%) ( 2683 points) Valuables value: (no points given unless you survive) Artifact value: 0 ( 0 points) Variety of kills: 12 monsters ( 3.16%) ( 5331 points) Turncount: 2067 turns ( -49 points) Survival: died (score multiplied by 80%) Total score: 27514 Latest messages: You see here a female newt corpse. You stop exploring. (2x) You kill the gas spore! You are caught in the gas spore's explosion! You enter an opulent throne room! You stop exploring. You kill the hobgoblin! The gnome lady misses. The bugbear hits! You write in the dust with your fingers. The gnome lady hits! The bugbear hits! (2x) You hit the gnome lady! The gnome lady hits! The bugbear hits! You kill the gnome lady! The bugbear hits! Something is written here in the dust. You read: "E| erctn". You see here a gnome lady corpse. The bugbear hits! You die... Final status: Sayonara Druj the Samurai, killed by a bugbear... You died in The Dungeons of Doom on dungeon level 5 with 27514 points, and 666 pieces of gold, after 2067 moves. You were level 3 with a maximum of 27 hit points when you died.